 Dungeon Crawl Stone Soup version 0.27.1-1-g398f81649c (webtiles) character file.

Game seed: 11530998968901254810

118 Elvor the Sneak (level 5, -1/33 HPs)
             Began as a Gargoyle Delver on Sept 15, 2021.
             Slain by a bullfrog (3 damage)
             ... on level 4 of the Dungeon.
             The game lasted 00:06:19 (936 turns).

Elvor the Sneak (Gargoyle Delver)                    Turns: 936, Time: 00:06:19

Health: -1/33      AC: 10    Str: 17    XL:     5   Next: 2%
Magic:  5/5        EV: 10    Int: 10    God:
Gold:   17         SH:  0    Dex: 11    Spells: 4/4 levels left

rFire    . . .     SeeInvis .   a - +1 mace
rCold    . . .     Faith    .   (no shield)
rNeg     + . .     Spirit   .   i - +0 scale mail
rPois    ∞         Reflect  .   (no helmet)
rElec    +         Harm     .   (no cloak)
rCorr    .         Rampage  .   (no gloves)
Will     .....                  (no boots)
Stlth    ++........             (no amulet)
HPRegen  0.11/turn              (no ring)
MPRegen  0.09/turn              (no ring)

@: no status effects
A: sickness immunity, AC +4, negative energy resistance 1, electricity
resistance, torment resistance 1, petrification resistance
a: no special abilities


You were on level 4 of the Dungeon.
You visited 1 branch of the dungeon, and saw 2 of its levels.

You collected 17 gold pieces.

Inventory:

Hand Weapons
 a - a +1 mace (weapon)
Armour
 b - a +0 leather armour
 i - a +0 scale mail (worn)
Wands
 g - a wand of digging (3)
 j - a wand of flame (19)
Scrolls
 c - a scroll of fog
 d - a scroll of magic mapping


   Skills:
 + Level 3.9 Fighting
 + Level 3.0 Maces & Flails
 + Level 1.2 Armour
 + Level 1.8 Dodging
 + Level 6.5 Stealth


You had 4 spell levels left.
You didn't know any spells.
Your spell library was empty.

Dungeon Overview and Level Annotations

Branches:
Dungeon (5/15)
 Temple: D:4-7

Altars:


Innate Abilities, Weirdness & Mutations

You are immune to sickness and miasma.
Your stone body is resilient. (AC +4)
You are immune to poison.
You resist negative energy. (rN+)
You are resistant to electric shocks. (rElec)
You are resistant to unholy torment.
You are immune to petrification.


Message History

The bullfrog croaks.
You feel yourself slow down.
The bullfrog hits you but does no damage.
The bullfrog closely misses you.
Found a scroll labelled SUPLOJ BEASADU.
The bullfrog hits you.
* * * LOW HITPOINT WARNING * * *
It was a potion of curing.
You feel better. The bullfrog hits you.
* * * LOW HITPOINT WARNING * * *
Okay, then.
The bullfrog swells and bulges.
The bullfrog closely misses you.
The bullfrog hits you but does no damage.
You see here a scroll labelled SUPLOJ BEASADU.
e - a scroll labelled SUPLOJ BEASADU The bullfrog hits you.
* * * LOW HITPOINT WARNING * * *
As you read the scroll labelled SUPLOJ BEASADU, it crumbles to dust.
It is a scroll of enchant weapon.
Your +0 mace glows red for a moment.
The bullfrog hits you but does no damage.
The bullfrog barely misses you.
Your scale mail prevents you from hitting the bullfrog.
The bullfrog closely misses you. The bullfrog barely misses you.
You thump the bullfrog!
The bullfrog is heavily wounded.
The bullfrog hits you but does no damage.
The bullfrog barely misses you.
You miss the bullfrog.
The bullfrog is heavily wounded.
The bullfrog hits you.
* * * LOW HITPOINT WARNING * * *
The bullfrog closely misses you.
You hit the bullfrog.
The bullfrog is heavily wounded.
The bullfrog closely misses you. x2
Found 9 gold pieces.
You hit the bullfrog.
The bullfrog is heavily wounded.
The bullfrog hits you.
You die...

#$# #..
..# #.#
##.##.#
..##.#
#.##.#
#@##.#
#F##.#
###
#.##.#...
#.##.#.#
#......#
####.###
#..# ##.#
#.#


You could see a bullfrog.

Vanquished Creatures
  A necrophage (D:4)
  A hound zombie (D:5)
  2 adders (D:5)
4 creatures vanquished.

Vanquished Creatures (others)
  2 plants (D:5)
2 creatures vanquished.

Grand Total: 6 creatures vanquished

Notes
Turn   | Place    | Note
-------+----------+-------------------------------------------
     0 | D:5      | Elvor the Gargoyle Delver began the quest for the Orb.
     0 | D:5      | Reached XP level 1. HP: 14/14 MP: 1/1
    18 | D:5      | Noticed a hound
    36 | D:5      | Reached XP level 2. HP: 2/19 MP: 2/2
   384 | D:5      | Reached skill level 6 in Stealth
   512 | D:5      | Reached XP level 3. HP: 21/23 MP: 3/3
   832 | D:4      | Noticed a phantom
   861 | D:4      | Noticed a necrophage
   874 | D:4      | Killed a necrophage
   875 | D:4      | Reached skill level 1 in Armour
   875 | D:4      | Reached XP level 4. HP: 7/29 MP: 4/4
   875 | D:4      | Reached XP level 5. HP: 9/33 MP: 5/5
   933 | D:4      | HP: 1/33 [bullfrog (4)]
   936 | D:4      | Slain by a bullfrog

Illustrated notes

Levels and vault maps discovered:
D:4:      layout_loops_ring, minmay_fractal_squares_diagonal_5
D:5:      layout_layer_cave, minmay_temple_entry_large_hall,
          guppyfry_early_lair_pool, uniq_crazy_yiuf_cottage, uniq_edmund

Skill      XL: |  1  2  3 |
---------------+----------+-----
Stealth        | 6 |  6.5
Maces & Flails | 3 |  3.0
Armour         | 1 |  1.2
Fighting       | |  3.9
Dodging        | |  1.8

Action                   |  1- 3 |  4- 6 || total
-------------------------+-------+-------++-------
Melee: Mace              |    48 |     5 ||    53
  Use: Scroll            |     1 |     1 ||     2
       Potion            |     1 |     1 ||     2
Armor: Leather armour    |     1 |       ||     1
       Scale mail        |    17 |     4 ||    21
Dodge: Dodged            |    33 |     9 ||    42
